cohdb
Replays
Latest Replays
All Replays
Popular Replays
Top Player Replays
Match Explorer
How It Works
Community
CoH3 Stats
Reddit
Sign in to upload your games and track your stats! →
Sign in with Steam
Match 44416768
Unlisted
Match 44416768
Overview
Messages
Build Orders
End
Construct Infanterie Kompanie
Kettenkrad Recon Vehicle
Selects Breakthrough Battlegroup
Selects Assault Grenadiers
Grenadier Squad
MG 42 Machine Gun Team
Grenadier Squad
Infanterie Officer Quarters
Grenadier Squad
Pioneer Squad
Construct Panzergrenadier Kompanie
Selects Breakthrough
Breakthrough
Panzergrenadier Squad
Support Elements
Pak 40 Anti-tank Gun Team
Medical Station
Pak 40 Anti-tank Gun Team
Breakthrough
Dino75195
Facki
Arturokq
Mystery
0
0
Comments
sign in to comment!
No comments posted yet!